 Dungeon Crawl Stone Soup version 0.31.0-32-g396128a36d (webtiles) character file.

Game seed: 8442111642720690253

2027 raph the Grappler (level 9, 0/132 HPs)
             Began as a Troll Berserker on Apr 16, 2024.
             Was an Elder of Trog.
             Succumbed to a killer bee's poison
             ... on level 7 of the Dungeon.
             The game lasted 00:08:16 (5331 turns).

raph the Grappler (Troll Berserker)                 Turns: 5331, Time: 00:08:17

Health: 0/132      AC:  8    Str: 33    XL:     9   Next: 3%
Magic:  8/8        EV: 11    Int:  3    God:    Trog [****..]
Gold:   293        SH:  0    Dex: 13    Spells: 8/8 levels left

rFire   . .          .
                       - Unarmed
rCold   + . .        (no shield)
rNeg    . . .        p - +1 animal skin
rPois   .            (helmet restricted)
rElec   .            q - +2 cloak {Will+}
rCorr   .            (gloves unavailable)
SInv    .            (boots unavailable)
Will    +....        (no amulet) Stlth
                     c - ring of protection from cold
HPRegen 1.22/turn    h - +6 ring of strength
MPRegen 0.11/turn

%: no passive effects
@: berserking (expiring), lethally poisoned (0 -> -3), very quick
A: large, unfitting armour, claws 3, regeneration 1, shaggy fur 1, tough skin 1
a: Renounce Religion, Berserk, Trog's Hand, Brothers in Arms


You were on level 7 of the Dungeon.
You worshipped Trog.
Trog was greatly pleased with you.
You visited 1 branch of the dungeon, and saw 7 of its levels.

You collected 345 gold pieces.
You spent 52 gold pieces at shops.

Inventory:

Hand Weapons
 u - the +8 trishula "Condemnation" {holy, anguish, *Noise Fly rN+}
   (You found it on level 4 of the Dungeon)

   rN+:       It protects you from negative energy.
   Fly:       It grants you flight.
   *Noise:    It may make a loud noise when swung.
 v - a +0 giant club
Missiles
 e - 60 stones (quivered)
 i - 2 throwing nets
 o - 12 curare-tipped darts
Armour
 a - a +0 animal skin
 d - a +1 cloak
 p - a +1 animal skin (worn)
 q - a +2 cloak of willpower (worn)
Jewellery
 c - a ring of protection from cold (left claw)
 h - a +6 ring of strength (right claw)
 n - a ring of fire
 s - a ring of protection from fire
 w - a ring of willpower
Talismans
 l - a beast talisman
Wands
 j - a wand of roots (4)
 m - a wand of polymorph (7)
Scrolls
 y - 3 scrolls of vulnerability
Potions
 b - a potion of might {unknown}
 f - 2 potions of enlightenment
 g - a potion of resistance
 k - 3 potions of curing
 r - a potion of attraction
 t - a potion of magic {unknown}
 x - 2 potions of lignification {unknown}


   Skills:
 + Level 5.5 Fighting
 + Level 5.4 Dodging
 * Level 9.0 Unarmed Combat


You had 8 spell levels left.
You didn't know any spells.
Your spell library was empty.

Dungeon Overview and Level Annotations

Branches:
Dungeon (7/15)
 Temple: D:4-7

Altars:
Ashenzari
Gozag
Nemelex Xobeh

Shops:
D:2 !   D:4 =   D:6 :

Annotations:
D:4 2 runed translucent doors, Cuillere's ghost, amateur KoEn


Innate Abilities, Weirdness & Mutations

You are too large for most types of armour.
You have claws for hands.
Your natural rate of healing is unusually fast.
You are covered in fur. (AC +1)
You have tough skin. (AC +1)


Message History

You are more poisoned.
The killer bee poisons you!
You closely miss the killer bee.
The killer bee is almost dead.
You feel very sick.
A howler monkey comes into view.
The killer bee closely misses you. The killer bee stings you!
* * * LOW HITPOINT WARNING * * *
The howler monkey howls!
You mangle the killer bee!!
You kill the killer bee!
Trog accepts your kill.
You feel sick.
The killer bee stings you but does no damage.
You have reached level 9!
Your experience leads to an increase in your attributes!
Your base attributes are Str 26, Int 3, Dex 11.
Increase (S)trength, (I)ntelligence, or (D)exterity?
You feel agile. x2; You feel stronger.
You miss the killer bee.
You feel sick. The killer bee stings you.
* * * LOW HITPOINT WARNING * * *
You barely miss the killer bee.
You feel sick. The killer bee stings you.
* * * LOW HITPOINT WARNING * * *
You are lethally poisoned!
The killer bee poisons you!
You miss the killer bee.
* * * LOW HITPOINT WARNING * * *
You feel very sick.
The killer bee stings you but does no damage.
The howler monkey hoots and howls with incredible vigour!
The hound barely misses you.
You hear a shout! x4
You mangle the hound!!
You kill the hound!
Trog accepts your kill.
* * * LOW HITPOINT WARNING * * *
You feel sick. The killer bee barely misses you.
Your Unarmed Combat skill increases to level 9!
You miss the killer bee.
You die...

#....... #....#.#.#
#.#..#.#.# #.#..#.#.#
# #.#....#.# #.
#.#.#...>..#
#..#.#.#......####.#
#...............)..
#####.#.##...@†.....#
..... #.######y######
.....##.######5h#
................z.
.....##.....####...
.... #..<..# .##..
... #.....# # ? ..
#.....# . #.#.###


You could see a howler monkey, a killer bee, a wight and a shadow imp.

Vanquished Creatures
  A steam dragon (D:7)
  Menkaure (D:6)
  An ice beast (D:6)
  A black bear (D:5)
  2 ogres (D:5)
  A kobold brigand (D:6)
  A phantom (D:5)
  2 scorpions
  4 killer bees (D:7)
  2 hounds
  Crazy Yiuf (D:2)
  3 bombardier beetles
  A gnoll bouda (D:6)
  A jelly (D:5)
  An orc priest (D:6)
  4 sleepcaps
  9 iguanas
  4 orc wizards
  Robin (D:3)
  4 gnolls (D:6)
  7 adders
  A shadow imp (D:4)
  2 white imps (D:6)
  4 ufetubi
  2 dart slugs
  2 ribbon worms
  12 orcs
  4 ball pythons
  6 bats
  10 endoplasms
  4 giant cockroaches
  12 goblins
  8 hobgoblins
  2 jackals (D:3)
  7 quokkas
  3 frilled lizards
  8 kobolds
  6 rats
145 creatures vanquished.

Notes
Turn   | Place    | Note
-------+----------+-------------------------------------------
     0 | D:1      | raph the Troll Berserker began the quest for the Orb.
     0 | D:1      | Reached XP level 1. HP: 22/22 MP: 0/0
   118 | D:1      | Reached XP level 2. HP: 29/29 MP: 1/1
   905 | D:2      | Reached ** piety under Trog
   921 | D:2      | Reached XP level 3. HP: 36/36 MP: 2/2
   996 | D:2      | Found Luxke's Distillery.
  1004 | D:2      | Bought a potion of curing for 39 gold pieces
  1004 | D:2      | Bought a potion of degeneration for 13 gold pieces
  1037 | D:2      | Found a runed translucent door.
  1038 | D:2      | Noticed Crazy Yiuf
  1045 | D:2      | Killed Crazy Yiuf
  1046 | D:2      | Reached skill level 4 in Unarmed Combat
  1278 | D:2      | Reached XP level 4. HP: 41/44 MP: 3/3
  1405 | D:2      | Found a faded altar of an unknown god.
  1424 | D:2      | Identified the +4 scale mail of Sloth {rPois rN+ rCorr
                  | Dex+2}
  1561 | D:3      | Found an opulent altar of Gozag.
  1595 | D:3      | Noticed Robin
  1601 | D:3      | Killed Robin
  2042 | D:4      | Found a runed translucent door.
  2044 | D:4      | Noticed Cuillere's ghost (amateur KoEn)
  2044 | D:4      | Noticed a bullfrog
  2062 | D:4      | Reached XP level 5. HP: 37/53 MP: 4/4
  2094 | D:4      | Reached skill level 5 in Unarmed Combat
  2143 | D:4      | Reached XP level 6. HP: 61/61 MP: 5/5
  2146 | D:4      | Reached *** piety under Trog
  2264 | D:4      | Found a sparkling altar of Nemelex Xobeh.
  2348 | D:4      | Found Irugam's Jewellery Shoppe.
  2430 | D:4      | Found a runed translucent door.
  2537 | D:4      | Found the +8 trishula "Condemnation" {holy, anguish, *Noise
                  | Fly rN+}
  2898 | D:5      | Entered Level 5 of the Dungeon
  3040 | D:5      | Reached skill level 6 in Unarmed Combat
  3040 | D:5      | Reached XP level 7. HP: 68/68 MP: 6/6
  3121 | D:5      | Identified the +9 rapier "Mithruam" {holy, rF+ Str+3}
  3953 | D:5      | Reached skill level 7 in Unarmed Combat
  4479 | D:6      | Reached XP level 8. HP: 79/79 MP: 7/7
  4663 | D:6      | Reached **** piety under Trog
  4696 | D:6      | Noticed Menkaure
  4701 | D:6      | Killed Menkaure
  4739 | D:6      | Reached skill level 8 in Unarmed Combat
  4882 | D:6      | Reached skill level 5 in Fighting
  4882 | D:6      | Reached skill level 5 in Dodging
  4977 | D:6      | Found a broken altar of Ashenzari.
  5117 | D:6      | Found Rosoc's Self-Improvement Boutique.
  5327 | D:7      | Reached XP level 9. HP: 16/88 MP: 8/8
  5328 | D:7      | HP: 4/132 [killer bee (5)]
  5331 | D:7      | Reached skill level 9 in Unarmed Combat
  5331 | D:7      | Succumbed to a killer bee's poison

Illustrated notes

Levels and vault maps discovered:
D:1:      wheals_arrival_linesprint, layout_loops_ring, st_stairs_8, hex_large
D:2:      layout_rooms, serial_shops, shop, shapermc_ecumenical_altar_rom_forum,
          nicolae_titane, uniq_crazy_yiuf_cottage
D:3:      layout_basic, mainiacjoe_overflow_six_doors_small, uniq_robin
D:4:      layout_basic, nemelex_xobeh_ov_fountains_minmay, serial_shops,
          kennysheep_mini_moat, ebering_ghost_sewer_f
D:5:      minmay_octagon_keep, layout_cave_pods
D:6:      layout_loops_ring, mainiacjoe_overflow_chevrons,
          nicolae_shop_self_help, uniq_menkaure
D:7:      layout_basic, worldfamousw_hep_ancestral_shrine,
          minmay_temple_entry_enclosed_plants

Skill      XL: |  1  2  3  4  5  6  7  8  9 |
---------------+----------------------------+-----
Unarmed Combat | 4 5 6 7 8 9 |  9.0
Fighting       | 3 4 5 |  5.5
Dodging        | 3 4 5 |  5.4

Action                     |  1- 3 |  4- 6 |  7- 9 || total
---------------------------+-------+-------+-------++-------
  Melee: Unarmed           |    81 |   139 |   154 ||   374
         Punch             |       |     1 |     6 ||     7
 Invoke: Berserk           |     2 |     4 |     5 ||    11
    Use: Scroll            |     2 |     4 |     8 ||    14
   Stab: Sleeping          |     1 |     1 |       ||     2
 Armour: Animal skin       |    68 |    73 |   100 ||   241
  Dodge: Dodged            |    37 |    56 |    71 ||   164
